 Dungeon Crawl Stone Soup version 0.25.0-9-g26727b657a (webtiles) character file.

Game seed: 14317314270122674855

28 Esekla the Grave Robber (level 2, 0/13 HPs)
             Began as a Spriggan Necromancer on June 16, 2020.
             Succumbed to an adder's poison
             ... on level 2 of the Dungeon.
             The game lasted 00:05:25 (1072 turns).

Esekla the Grave Robber (Spriggan Necromancer)      Turns: 1072, Time: 00:05:26

Health: 0/13       AC:  2    Str:  4    XL:     2   Next: 96%
Magic:  5/7        EV: 19    Int: 16    God:
Gold:   21         SH:  0    Dex: 16    Spells: 6/7 levels left

rFire    + . .     SeeInvis +   f - +0 dagger
rCold    + . .     Gourm    .   (shield restricted)
rNeg     + . .     Faith    .   a - +0 robe
rPois    +         Spirit   .   (helmet restricted)
rElec    +         Reflect  .   (no cloak)
rCorr    +         Harm     .   (gloves unavailable)
MR       .....                  (boots unavailable)
Stlth    ++........             (no amulet)
HPRegen  0.04/turn              i - +4 ring of slaying
MPRegen  0.10/turn              j - ring of positive energy

@: lethally poisoned (0 -> -3), resistant, very quick
A: very small, unfitting armour, see invisible, herbivore, speed 3, slow
metabolism 2
a: no special abilities


You were on level 2 of the Dungeon.
You were not hungry.

You visited 1 branch of the dungeon, and saw 3 of its levels.

You collected 21 gold pieces.

Inventory:

Hand Weapons
 f - a +0 dagger (weapon)
Missiles
 k - 22 poisoned darts (quivered)
Armour
 a - a +0 robe (worn)
Jewellery
 i - a +4 ring of slaying (left hand)
 j - a ring of positive energy (right hand)
Scrolls
 b - 3 scrolls of identify {unknown}
 e - a scroll of remove curse {unknown}
 g - a scroll of enchant armour {unknown}
 h - a scroll of teleportation {unknown}
 l - a scroll of enchant weapon {unknown}
Potions
 d - a potion of resistance
Comestibles
 c - 2 rations


   Skills:
 + Level 0.2 Short Blades
 * Level 3.5 Dodging
 + Level 3.0 Stealth
 * Level 3.2 Spellcasting
 + Level 4.0 Necromancy


You had 6 spell levels left.
You knew the following spells:

 Your Spells              Type           Power        Failure   Level  Hunger
a - Pain                  Necr           ###.         3%          1    None

Your spell library contained the following spells:

 Spells                   Type           Power        Failure   Level  Hunger
 Animate Skeleton         Necr           N/A          3%          1    None
 Vampiric Draining        Necr           ###.......   11%         3    ###....
 Animate Dead             Necr           N/A          34%         4    ####...
 Agony                    Necr           ###.....     67%         5    ######.


Dungeon Overview and Level Annotations

Branches:
Dungeon (3/15)

Altars:


Innate Abilities, Weirdness & Mutations

You are very small and have problems with some larger weapons.
You are too small for most types of armour.
You have supernaturally acute eyesight. (SInv)
You are a herbivore.
You cover ground extremely quickly.
You need to consume almost no food.


Message History

You feel sick. The adder closely misses you.
You hit the adder.
You kill the adder!
Okay, then.
There is a lethal amount of poison in your body!
It was a potion of resistance.
You feel protected.
* * * LOW HITPOINT WARNING * * *
You feel sick.
You climb downwards.
Found a scroll labeled REITSADIMI.
There is a stone staircase leading up here.
* * * LOW HITPOINT WARNING * * *
You feel sick.
You climb upwards.
There is a stone staircase leading down here.
* * * LOW HITPOINT WARNING * * *
You feel sick.
There is a stone staircase leading up here.
You die...

....................#
.........)#........#
#......#).......##
#....รท....>......#
#.)..............#
#.....[#........##
#......##..##..##
#........####..#
#..@.....####...# ...
###+............####
...######..##########....K
...........#........#.....
...........#.######.#.....
...........#.#[)..#.#.....
...........#.#..#.#.#.....
##.(.......#.####.#.#.....
#.........#......#.#.....


There were no monsters in sight!

Vanquished Creatures
  2 adders (D:2)
  A goblin (D:1)
  3 hobgoblins
  A kobold (D:2)
  3 rats
10 creatures vanquished.

Notes
Turn   | Place    | Note
-------+----------+-------------------------------------------
     0 | D:1      | Esekla the Spriggan Necromancer began the quest for the
                  | Orb.
     0 | D:1      | Reached XP level 1. HP: 9/9 MP: 5/5
   820 | D:2      | Reached XP level 2. HP: 12/13 MP: 3/6
   826 | D:2      | Reached skill level 4 in Necromancy
  1072 | D:2      | Succumbed to an adder's poison

Illustrated notes

Levels and vault maps discovered:
D:1:      matt_arrival_debris, layout_basic, minmay_pentomino_p2
D:2:      layout_basic, grunt_temple_overflow_open, st_stairs_5, minivault_5
D:3:      layout_rooms, overflow_temple_1_default,
          chequers_ecumenical_altar_twisty, first_ration,
          kennysheep_generic_room_5, uniq_grinder, uniq_jessica

Skill      XL: |  1  2 |
---------------+-------+-----
Spellcasting   | 3 |  3.2
Necromancy     | 4 |  4.0
Short Blades   | |  0.2
Dodging        | |  3.5
Stealth        | |  3.0

Action                   || total
-------------------------++-------
Melee: Dagger            ||    13
 Cast: Pain              ||    20
  Use: Potion            ||     1
Armor: Robe              ||     1
Dodge: Dodged            ||     8
